[Event "Live Chess"]
[Site "Chess.com"]
[Date "2023.05.21"]
[Round "-"]
[White "Alfiedog12"]
[Black "jimwad"]
[Result "0-1"]
[WhiteElo "884"]
[BlackElo "1222"]
[TimeControl "300"]
[EndTime "7:11:58 PDT"]
[Termination "jimwad won by resignation"]

1. d4 d5 2. Nf3 Nc6 3. Bf4 Bf5 4. e3 Nf6 5. Bd3 Bg4 6. h3 Bh5 7. g4 Bg6 8. Nbd2 Bxd3 9. cxd3 e6 10. g5 Nh5 11.
Ne5 Nxf4 12. exf4 Nxd4 13. Rg1 g6 14. h4 Nf5 15. h5 Bd6 16. Qa4+ c6 17. hxg6 hxg6 18.
O-O-O Bxe5 19. fxe5 Qb6 20. Rh1 Rxh1 21. Rxh1 O-O-O 22.
Rh7 Rf8 23. Qa3 c5 24. Nb3 Qb4 25. Qxa7 Qe1+ 26. Kc2 Qxf2+ 27. Nd2 Nd4+ 28. Kc3 Nb5+ 29. Kc2 Nxa7 0-1

[Event "Live Chess"]
[Site "Chess.com"]
[Date "2023.05.21"]
[Round "-"]
[White "SupremeTactician"]
[Black "ameetghasi100"]
[Result "0-1"]
[WhiteElo "2222"]
[BlackElo "2586"]
[TimeControl "300"]
[EndTime "7:12:20 PDT"]
[Termination "ameetghasi100 won by resignation"]

1. e4 d6 2. d4 g6 3. Nc3 Bg7 4. Be3 a6 5. Bc4 e6 6. Nf3 b5 7.
Bb3 Bb7 8. a3 Ne7 9. O-O h6 10.
h3 Nd7 11. Qd2 g5 12. d5 e5 13. Ne2 f5 14. exf5 Nxf5 15. Ng3 O-O 16. Nxf5 Rxf5 17.
c3 Rxf3 18. gxf3 Nf6 19. Rad1 Qd7 20. Kg2 Rf8 21. c4 Nh5 22. c5 Qf5 23. Qe2 Bc8 24. Rh1 dxc5 25. d6+ c4 26. Bc2 Qf7 27. Bc1 cxd6 28.
Rxd6 Bb7 29. Be4 Bxe4 30. Qxe4 Nf6 31. Qe2 Qb7 32. Rhd1 e4 33. Rxf6 Rxf6 34. Qxe4 Qxe4 35. fxe4 Re6 36. Kf3 Be5 37. Rd5 Kf7 38. Rd7+ Kg6 39. Ke2 Kh5 40. Kf3 Bf6 41. Rh7 Bd4 42. Be3 Bxb2 0-1

[Event "Live Chess"]
[Site "Chess.com"]
[Date "2023.05.21"]
[Round "-"]
[White "elizaveta_frundina"]
[Black "Tushinskiy"]
[Result "1-0"]
[WhiteElo "1587"]
[BlackElo "2203"]
[TimeControl "300"]
[EndTime "7:12:26 PDT"]
[Termination "elizaveta_frundina won - game abandoned"]

1. e4 e5 2. Nf3 d6 3. d4 Bg4 4. dxe5 Nd7 5. exd6 Bxd6 6. Nc3 Qe7 7.
Be2 Ngf6 8. Bg5 O-O-O 9. Bxf6 Nxf6 10. Qc1 Nxe4 11. Nxe4 Qxe4 12. Qe3 Bxf3 13. Qxf3 Qxf3 14. Bxf3 Rhe8+ 15. Kf1 Be5 16. Rb1 Rd2 17. c3 g6 18.
g3 f5 19. Kg2 Bd6 20. Rhd1 Rc2 21. Re1 1-0

[Event "Live Chess"]
[Site "Chess.com"]
[Date "2023.05.21"]
[Round "-"]
[White "ossie57"]
[Black "hturner40"]
[Result "1-0"]
[WhiteElo "1840"]
[BlackElo "1760"]
[TimeControl "300"]
[EndTime "7:12:28 PDT"]
[Termination "ossie57 won on time"]

1. d4 Nf6 2. Nc3 d5 3. Bf4 a6 4.
e3 c5 5. dxc5 Qa5 6. Nf3 Qxc5 7.
Bd3 Nc6 8. O-O Bg4 9. h3 Bxf3 10.
Qxf3 e5 11. Bg5 e4 12. Nxe4 dxe4 13. Bxe4 Nxe4 14. Qxe4+ Be7 15. Bxe7 Qxe7 16. Qg4 O-O 17. h4 Ne5 18. Qg3 Rac8 19. c3 Rfd8 20. Rad1 f6 21. Qf4 Rxd1 22. Rxd1 Rd8 23. Rxd8+ Qxd8 24. Qa4 Qd7 25.
Qb3+ Qf7 26. Qb6 Qd5 27. Qc7 Qd1+ 28. Kh2 Qd7 29. Qc5 h6 30. a3 Kh7 31. Qb4 Qd5 32. Qf8 Qe4 33. Qb4 Qxb4 34. axb4 b5 35. b3 Kg8 36.
Kg3 Kf7 37. f4 Nd3 38. Kf3 Nc1 39. c4 Nxb3 40. cxb5 axb5 41. g4 Ke6 42. h5 Nd2+ 43.
Ke2 Nc4 44. Kd3 Kd5 45. e4+ Kd6 46. Kd4 Nb2 47. e5+ 1-0

[Event "Live Chess"]
[Site "Chess.com"]
[Date "2023.05.21"]
[Round "-"]
[White "BearFromUkraine"]
[Black "luckywookie"]
[Result "1-0"]
[WhiteElo "1073"]
[BlackElo "818"]
[TimeControl "300"]
[EndTime "7:12:35 PDT"]
[Termination "BearFromUkraine won by checkmate"]

1. e4 c6 2. d4 d5 3. exd5 cxd5 4.
Nf3 Nc6 5. Bb5 e6 6. O-O Bd7 7. Nc3 Nge7 8. Re1 a6 9. Bxc6 bxc6 10. Bf4 Nf5 11. Qe2 c5 12. Rad1 Qb6 13. dxc5 Bxc5 14. Nxd5 Bxf2+ 15. Qxf2 Qxf2+ 16. Kxf2 O-O 17. Nc3 Rab8 18.
Rxd7 Rxb2 19. Rd2 Rc8 20. Ne4 Rcxc2 21. Rxc2 Rxc2+ 22. Re2 Rxe2+ 23. Kxe2 f6 24. Kd3 e5 25. Bg3 Nd4 26. Nxd4 exd4 27. Kxd4 Kf7 28. Kc5 Ke6 29. Kb6 f5 30. Nc5+ Kd5 31. Nxa6 Ke4 32. a4 g5 33. Nc7 h5 34. a5 f4 35. Bf2 g4 36. a6 f3 37.
gxf3+ Kxf3 38. Bc5 h4 39. a7 g3 40. a8=Q+ Kg4 41.
hxg3 hxg3 42. Qg8+ Kf3 43. Kc6 g2 44. Ne6 g1=Q 45.
Qxg1 Ke4 46. Qe3+ Kf5 47. Nc7 Kf6 48. Qe4 Kf7 49. Qe5 Kg6 50. Qf4 Kh5 51. Ba7 Kg6 52.
Bb8 Kg7 53. Qf5 Kh8 54. Qg5 Kh7 55. Ba7 Kh8 56. Bd4+ Kh7 57. Ba7 Kh8 58. Kd6 Kh7 59. Ke6 Kh8 60. Kf7 Kh7 61. Qg7# 1-0

[Event "Live Chess"]
[Site "Chess.com"]
[Date "2023.05.21"]
[Round "-"]
[White "wot-not"]
[Black "Crowded_House"]
[Result "1-0"]
[WhiteElo "1551"]
[BlackElo "1601"]
[TimeControl "300"]
[EndTime "7:12:36 PDT"]
[Termination "wot-not won by checkmate"]

1. e4 e6 2. f4 d5 3. e5 c5 4. Nf3 Nc6 5. d4 Qb6 6. Bd3 Nb4 7. O-O Nxd3 8. cxd3 cxd4 9. Nbd2 Ne7 10. Nb3 Nf5 11. Kh1 Ne3 12. Bxe3 dxe3 13. d4 Be7 14. Qe2 Bd7 15. Qxe3 O-O 16. Ng5 h6 17. Nh3 Ba4 18. f5 Bxb3 19. axb3 Rfc8 20. f6 g6 21. fxe7 Rc7 22. Qxh6 Rxe7 23. Ng5 Qxd4 24. Qh7+ Kf8 25. Qh8# 1-0

[Event "Live Chess"]
[Site "Chess.com"]
[Date "2023.05.21"]
[Round "-"]
[White "elephantgerrald"]
[Black "Ian-Morley"]
[Result "0-1"]
[WhiteElo "662"]
[BlackElo "1079"]
[TimeControl "300"]
[EndTime "7:12:41 PDT"]
[Termination "Ian-Morley won by checkmate"]

1. e4 d5 2. exd5 Qxd5 3. c4 Qd8 4. d4 Nf6 5. Bd3 b6 6. Nc3 Bb7 7. Nf3 e6 8. O-O Nbd7 9. b3 c6 10. Bb2 Bb4 11. a3 Bxc3 12. Bxc3 Qc7 13. Re1 O-O-O 14. Ne5 Nxe5 15. dxe5 Nd7 16. Qg4 g6 17. Bb4 Nxe5 18. Qf4 Nxd3 19. Qxc7+ Kxc7 20. Red1 Nxb4 21. Rxd8 Rxd8 22.
axb4 c5 23. Rxa7 Kb8 24. Ra1 Rd2 25. h3 cxb4 26. Kf1 Kc7 27. g4 Rb2 28. Ra4 Rxb3 29.
h4 f5 30. gxf5 exf5 31. f4 Kd6 32. Ke2 Kc5 33. Kd2 Kxc4 34. Kc2 Rh3 35. Ra7 Rh2+ 36. Kc1 Kc3 37. Kd1 Bf3+ 38. Ke1 Kd3 39. Rd7+ Kc4 40.
Kf1 b3 41. Kg1 Ra2 42. Rd2 Rxd2 43. Kf1 b2 44. Ke1 Rh2 45. Kf1 b1=R# 0-1

[Event "Live Chess"]
[Site "Chess.com"]
[Date "2023.05.21"]
[Round "-"]
[White "grillage"]
[Black "LanceMaster23"]
[Result "0-1"]
[WhiteElo "1783"]
[BlackElo "1962"]
[TimeControl "300"]
[EndTime "7:12:56 PDT"]
[Termination "LanceMaster23 won by resignation"]

1. d4 Nf6 2. Nc3 d5 3. Bf4 Bf5 4. e3 e6 5. Nf3 c6 6. Bd3 Bg6 7. Ne5 Nbd7 8. f3 Be7 9. g4 Nxe5 10. Bxe5 Bxd3 11. Qxd3 h6 12. h4 Bd6 13. Bxd6 Qxd6 14. O-O-O O-O-O 15. g5 hxg5 16. hxg5 Nd7 17. f4 f6 18. Qg6 Qe7 19. Rh7 Rxh7 20. Qxh7 fxg5 21. Rg1 gxf4 22. Rxg7 Qd6 23. Qh6 fxe3 24. Qxe3 e5 25. dxe5 Qxe5 26. Qh3 Qxg7 0-1

[Event "Live Chess"]
[Site "Chess.com"]
[Date "2023.05.21"]
[Round "-"]
[White "gmnorfolk"]
[Black "FlyingChessKestrel13"]
[Result "0-1"]
[WhiteElo "2129"]
[BlackElo "2071"]
[TimeControl "300"]
[EndTime "7:13:01 PDT"]
[Termination "FlyingChessKestrel13 won by resignation"]

1. d4 Nf6 2. c4 e6 3. Nc3 d5 4. cxd5 exd5 5. Bg5 c6 6. e3 Bf5 7. Qf3 Bg6 8. Bxf6 Qxf6 9. Qxf6 gxf6 10. Nge2 Nd7 11.
Ng3 Bd6 12. Be2 O-O-O 13. O-O h5 14. h4 Rde8 15. Rac1 Kb8 16. Nh1 f5 17. g3 Nf6 18.
Bd3 Ne4 19. Kg2 f4 20. Bxe4 Bxe4+ 21. Nxe4 dxe4 22. gxf4 Rhg8+ 23. Ng3 Rg4 24. Rh1 Be7 25. Kf1 Rxh4 26. Rxh4 Bxh4 27. Nxh5 Rh8 28. Ng7 Bf6 0-1

[Event "Live Chess"]
[Site "Chess.com"]
[Date "2023.05.21"]
[Round "-"]
[White "NateSolon"]
[Black "LiamClery2020"]
[Result "1-0"]
[WhiteElo "2643"]
[BlackElo "1961"]
[TimeControl "300"]
[EndTime "7:13:14 PDT"]
[Termination "NateSolon won by resignation"]

1. d4 Nf6 2. Nc3 d6 3. e4 Nbd7 4. f4 g6 5. e5 dxe5 6. fxe5 Ng8 7. Nf3 e6 8. Ne4 Bg7 9. Bc4 Nb6 10. Bb3 f5 11.
exf6 Nxf6 12. Neg5 O-O 13. O-O Re8 14. Ne5 h6 15.
Ngf7 Qe7 16. Nxh6+ Bxh6 17. Bxh6 Nbd5 18. Bg5 Rf8 19.
c4 1-0

[Event "Live Chess"]
[Site "Chess.com"]
[Date "2023.05.21"]
[Round "-"]
[White "davigator"]
[Black "Singapourfeuj"]
[Result "0-1"]
[WhiteElo "2295"]
[BlackElo "2207"]
[TimeControl "300"]
[EndTime "7:13:47 PDT"]
[Termination "Singapourfeuj won by resignation"]

1. e4 c5 2. Nf3 d6 3. d4 cxd4 4. Nxd4 Nf6 5. Nc3 a6 6. Bg5 Nbd7 7. f3 Qc7 8. Qd2 h6 9. Be3 e5 10. Nb3 b5 11. O-O-O b4 12. Nd5 Nxd5 13. Qxd5 Bb7 14. Qd2 Nc5 15. Nxc5 dxc5 16. Bc4 Be7 17. h4 Rd8 18. Qf2 Rxd1+ 19. Rxd1 O-O 20. g4 Bc6 21. g5 h5 22. Bxa6 g6 23. Bc4 Qa5 24. f4 exf4 25.
Qxf4 Bb5 26. Bxb5 Qxb5 27. Qe5 Re8 28. Qc7 Bf8 29. e5 Re7 30. Qc8 Re8 31. Qc7 Re7 32.
Qd6 Re6 33. Qd5 Qe2 34. Bf4 Qg4 35. Rf1 Qxh4 36. Qd7 Re7 37. Qd8 Qh3 38. Re1 Rd7 39.
Qf6 Bg7 40. Qc6 Qf5 41. Bd2 Re7 42. Qxc5 Rxe5 43. Qxb4 Rxe1+ 44. Bxe1 Qxg5+ 45. Kd1 Qg4+ 46. Kd2 Qxb4+ 47. Kd1 Qg4+ 48. Kd2 Bh6+ 49. Kd3 h4 50. c4 Qf3+ 51. Kc2 Qe2+ 52. Kb3 Qxe1 53. c5 h3 54. c6 Qc1 0-1

[Event "Live Chess"]
[Site "Chess.com"]
[Date "2023.05.21"]
[Round "-"]
[White "SimpleHarmonic1"]
[Black "GEMdzq"]
[Result "0-1"]
[WhiteElo "2041"]
[BlackElo "2236"]
[TimeControl "300"]
[EndTime "7:13:51 PDT"]
[Termination "GEMdzq won on time"]

1. d4 Nf6 2. c4 e6 3. Nc3 c5 4. d5 exd5 5. cxd5 d6 6. Nf3 g6 7. Nd2 Bg7 8. Nc4 O-O 9. Bf4 Ne8 10. Qd2 a6 11. a4 Qc7 12. h4 h5 13. e3 Nd7 14. Ne4 Ne5 15. Nxe5 dxe5 16. Bg3 Nd6 17. Nc3 Bd7 18. Be2 b5 19. O-O b4 20. Nb1 Ne4 21.
Qc2 Nxg3 22. fxg3 Rab8 23. Nd2 Bh6 24. Nc4 b3 25. Qc3 Bg7 26. e4 Rb4 27. a5 Bb5 28.
Rf2 Bxc4 29. Bxc4 Qd6 30. Raf1 Bh8 31. Kh2 Bg7 32. Kg1 f5 33. exf5 e4 34. f6 Bh6 35.
f7+ Kh7 36. Rf6 Qe7 37. Re6 Qd8 38. Rff6 Bg7 39. Be2 Bxf6 40. Rxf6 Rd4 0-1

[Event "Live Chess"]
[Site "Chess.com"]
[Date "2023.05.21"]
[Round "-"]
[White "Doge_Dandolo"]
[Black "Bob2pen"]
[Result "0-1"]
[WhiteElo "1878"]
[BlackElo "1841"]
[TimeControl "300"]
[EndTime "7:13:51 PDT"]
[Termination "Bob2pen won by resignation"]

1. Nf3 Nf6 2. c4 g6 3. Nc3 Bg7 4. e4 d6 5. d4 O-O 6. Be2 c5 7.
h3 Nc6 8. d5 Nb4 9. a3 Na6 10.
O-O Nc7 11. a4 a6 12. a5 e6 13. Nd2 exd5 14. cxd5 Bd7 15. Re1 Nb5 16. Nc4 Nxc3 17. bxc3 Bb5 18. Ne3 Nxe4 19. Bxb5 axb5 20. Rb1 Nxc3 21.
Qc2 Nxb1 22. Qxb1 Qxa5 23. Bb2 Bxb2 24. Qxb2 Qxe1+ 25. Kh2 Ra1 26. Ng4 f6 27. Nxf6+ Rxf6 28. Qxf6 Qe5+ 0-1

[Event "Live Chess"]
[Site "Chess.com"]
[Date "2023.05.21"]
[Round "-"]
[White "ClassyChameleon"]
[Black "WilliamofOrange16th"]
[Result "0-1"]
[WhiteElo "1083"]
[BlackElo "1865"]
[TimeControl "300"]
[EndTime "7:13:57 PDT"]
[Termination "WilliamofOrange16th won by checkmate"]

1. e4 d6 2. Nf3 Nf6 3. Nc3 e5 4. d4 Nbd7 5. d5 c6 6. Bc4 Be7 7. O-O O-O 8. b4 cxd5 9. Nxd5 Nxe4 10. Nxe7+ Qxe7 11. Bd5 Nc3 12. Qd3 Nxd5 13. Qxd5 Nf6 14. Qb3 Be6 15. c4 b5 16. Nd2 Rfc8 17. Qf3 bxc4 18.
Ba3 d5 19. Rac1 Rab8 20. Qg3 Bf5 21. f4 Bd3 22. Rfe1 e4 23. f5 c3 24. Nb3 Qc7 25. Qxc7 Rxc7 26. Nd4 Rc4 27. Nb3 d4 28. Kf2 e3+ 29.
Kf3 Be4+ 30. Kf4 Bxg2 31. Ke5 Re8+ 32. Kd6 Rc6# 0-1

[Event "Live Chess"]
[Site "Chess.com"]
[Date "2023.05.21"]
[Round "-"]
[White "chessfiction"]
[Black "zdanevych"]
[Result "1-0"]
[WhiteElo "2307"]
[BlackElo "1500"]
[TimeControl "300"]
[EndTime "7:13:57 PDT"]
[Termination "chessfiction won by resignation"]

1. e4 c5 2. d4 cxd4 3. c3 dxc3 4. Nxc3 Nc6 5. Bg5 Nf6 6. Nf3 h6 7. Bxf6 gxf6 8. Bc4 e6 9. O-O Bg7 10. Nh4 O-O 11.
Re1 a6 12. Re3 b5 13. Be2 Bb7 14. Rg3 Ne5 15. Qd2 Kh7 16. f4 Nc4 17. Bxc4 bxc4 18.
Rd1 d5 19. exd5 exd5 20. Qc2+ Kh8 21. Nf5 Rg8 22. Qe2 Bc8 23. Nxg7 Rxg7 24. Rxg7 Kxg7 25. Rxd5 Qb6+ 26. Qf2 Qxf2+ 27. Kxf2 Be6 28. Rc5 Rc8 29.
Rxc8 Bxc8 30. Ke3 Kg6 31. Kd4 Be6 32. Ne4 f5 33. Nc5 Kh5 34. Nxe6 fxe6 35. Kxc4 Kg4 36. g3 Kh3 37. a4 Kxh2 38. b4 Kxg3 39. b5 h5 40.
bxa6 1-0

[Event "Live Chess"]
[Site "Chess.com"]
[Date "2023.05.21"]
[Round "-"]
[White "Pablo_dmp"]
[Black "ChessTWSS"]
[Result "0-1"]
[WhiteElo "1859"]
[BlackElo "1673"]
[TimeControl "300"]
[EndTime "7:14:08 PDT"]
[Termination "ChessTWSS won by checkmate"]

1. e4 c5 2. a3 Nc6 3. b4 e6 4.
Nf3 d5 5. exd5 exd5 6. Bb5 Bd7 7. O-O Nf6 8. Bb2 Bd6 9. Re1+ Be6 10. Ng5 O-O 11. Nxe6 fxe6 12. Rxe6 Ne4 13. d3 Qh4 14. g3 Rxf2 15. gxh4 Bxh2+ 16. Kh1 Ng3# 0-1

[Event "Live Chess"]
[Site "Chess.com"]
[Date "2023.05.21"]
[Round "-"]
[White "Dhaydon19"]
[Black "BearFromUkraine"]
[Result "1-0"]
[WhiteElo "2701"]
[BlackElo "1073"]
[TimeControl "300"]
[EndTime "7:14:24 PDT"]
[Termination "Dhaydon19 won by resignation"]

1. d4 d5 2. Nf3 Nc6 3. Bf4 Nf6 4. Nc3 a6 5. e3 e6 6. h3 Bd6 7. Bd3 Bxf4 8. exf4 O-O 9. Qd2 Bd7 10. Ne2 Re8 11.
c3 Ne7 12. g4 b6 13. Ng3 c5 14. g5 Ne4 15. Nxe4 dxe4 16. Bxe4 cxd4 17. Nxd4 Nf5 18. O-O-O Nxd4 19. Bxa8 1-0

[Event "Live Chess"]
[Site "Chess.com"]
[Date "2023.05.21"]
[Round "-"]
[White "BillythekidFellowes"]
[Black "Leonid_Starozhilov"]
[Result "0-1"]
[WhiteElo "2088"]
[BlackElo "2625"]
[TimeControl "300"]
[EndTime "7:14:26 PDT"]
[Termination "Leonid_Starozhilov won by resignation"]

1. e4 g6 2. d4 Bg7 3. Nc3 d6 4. Be3 a6 5. Nf3 b5 6. Bd3 Bb7 7. O-O e6 8. Bg5 Ne7 9. Re1 h6 10. Bh4 Nd7 11. d5 e5 12. Nd2 O-O 13. Ne2 c6 14. c4 cxd5 15. cxd5 f5 16. f4 Nc5 17. Bc2 g5 18. fxg5 Ng6 19. gxh6 Qxh4 20.
hxg7 Kxg7 21. exf5 Nf4 22. Nxf4 Qxf4 23. Ne4 Qxf5 24.
Nxd6 Qf2+ 25. Kh1 Rf4 26. Nxb7 Rh8 27. Qe2 Rxh2+ 0-1

[Event "Live Chess"]
[Site "Chess.com"]
[Date "2023.05.21"]
[Round "-"]
[White "LaupMiths"]
[Black "Vedant-1411"]
[Result "1-0"]
[WhiteElo "1812"]
[BlackElo "876"]
[TimeControl "300"]
[EndTime "7:14:28 PDT"]
[Termination "LaupMiths won by resignation"]

1. d4 d5 2. c4 Nc6 3. Nf3 dxc4 4. e4 Nf6 5. Nc3 Nxe4 6. Nxe4 f5 7. Nc3 a6 8. Bxc4 b5 9. Bb3 a5 10. O-O a4 11.
Bc2 e6 12. Nxb5 Bd6 13. Nxd6+ Qxd6 14. Bxa4 O-O 15. Be3 Ba6 16. Re1 Ne7 17. Bb3 Rf6 18. Ne5 Rh6 19. Bxh6 1-0

[Event "Live Chess"]
[Site "Chess.com"]
[Date "2023.05.21"]
[Round "-"]
[White "PiotrD11"]
[Black "Inglaterra"]
[Result "0-1"]
[WhiteElo "1369"]
[BlackElo "2050"]
[TimeControl "300"]
[EndTime "7:14:38 PDT"]
[Termination "Inglaterra won by resignation"]

1. e4 e5 2. Nf3 Nf6 3. Nxe5 d6 4. Nf3 Nxe4 5. d4 d5 6. Bd3 Bd6 7. O-O O-O 8. Nbd2 Nxd2 9. Bxd2 Bg4 10. h3 Bh5 11.
Be2 Nd7 12. Nh2 Bxe2 13. Qxe2 Qh4 14. Qg4 Qxg4 15. Nxg4 Rae8 16. Rae1 f5 17. Nh2 Nf6 18. c3 Ne4 19. Bc1 Kf7 20. Nf3 h6 21. Nd2 g5 22.
Nxe4 fxe4 23. f3 Kg6 24. fxe4 Rxf1+ 25. Kxf1 dxe4 26. g4 Bf4 27. Be3 Rf8 28. Kg2 h5 29.
Bxf4 Rxf4 30. Kg3 h4+ 31. Kg2 Kf6 32. Re3 Ke6 33. c4 b6 34. b4 Kd6 35. Ra3 e3 36. Rxe3 Rxd4 37. Re2 Rxc4 38. Rd2+ Kc6 39. a3 Rc3 40. a4 Rg3+ 41. Kh2 Ra3 42. b5+ Kb7 43.
Rd4 a6 44. bxa6+ Kxa6 45. Re4 c5 46. Re5 c4 47. Rxg5 c3 48. Re5 Rxa4 49. Re2 b5 50. g5 b4 51. g6 Kb5 52. g7 Ra8 53. Rg2 Rg8 54. Rg5+ Ka4 55. Rg4 c2 56. Rc4 Kb3 57. Rc7 Kb2 58. Kg2 c1=Q 59. Rxc1 Kxc1 0-1

[Event "Live Chess"]
[Site "Chess.com"]
[Date "2023.05.21"]
[Round "-"]
[White "Vitalii18a"]
[Black "domrobson"]
[Result "0-1"]
[WhiteElo "1128"]
[BlackElo "1756"]
[TimeControl "300"]
[EndTime "7:14:42 PDT"]
[Termination "domrobson won by resignation"]

1. e4 e5 2. Nf3 Nc6 3. Bb5 a6 4. Ba4 Nf6 5. d3 d6 6. c3 b5 7. Bc2 Bg4 8. h3 Bxf3 9. Qxf3 d5 10. exd5 Qxd5 11. Qxd5 Nxd5 12. O-O Be7 13. f4 exf4 14. Bxf4 Nxf4 15. Rxf4 O-O 16. d4 Bd6 17. Rf3 Rae8 18. Na3 Re2 19. Bd3 Rxb2 20. Raf1 Bxa3 21. Rf4 Rxa2 22.
Be4 Na5 23. Rh4 g6 24. Rh6 Nc4 25. Rf4 f5 26. Bd5+ Kg7 27. Rfh4 Rh8 28. g4 Bc1 29. Rxg6+ hxg6 30. Rxh8 Kxh8 31. gxf5 gxf5 32. Bxc4 bxc4 0-1

[Event "Live Chess"]
[Site "Chess.com"]
[Date "2023.05.21"]
[Round "-"]
[White "Long1968"]
[Black "FailsGambits"]
[Result "0-1"]
[WhiteElo "956"]
[BlackElo "1330"]
[TimeControl "300"]
[EndTime "7:14:43 PDT"]
[Termination "FailsGambits won on time"]

1. e4 e5 2. f4 d6 3. Bc4 Nc6 4. Nf3 Be7 5. d4 exd4 6. Nxd4 f5 7. exf5 Nf6 8. Ne6 Bxe6 9. Bxe6 d5 10. c3 d4 11. O-O Bc5 12. Re1 dxc3+ 13. Kf1 Qxd1 14. Rxd1 Nd4 0-1

[Event "Live Chess"]
[Site "Chess.com"]
[Date "2023.05.21"]
[Round "-"]
[White "Pandreq"]
[Black "WilliWeisswurst"]
[Result "0-1"]
[WhiteElo "1215"]
[BlackElo "1769"]
[TimeControl "300"]
[EndTime "7:14:45 PDT"]
[Termination "WilliWeisswurst won by checkmate"]

1. d4 d5 2. c4 c6 3. Nc3 Nf6 4. Bg5 e6 5. e3 Be7 6. cxd5 cxd5 7. Nf3 O-O 8. Bd3 a6 9. Qc2 h6 10. Bh4 Nc6 11. a3 b5 12. O-O Bd7 13. b4 Rc8 14.
Rac1 Nh7 15. Bxe7 Qxe7 16. Bxh7+ Kh8 17. Bd3 f6 18. Nh4 Be8 19. Bg6 f5 20. Bxe8 Qxh4 21. Bxc6 Rxc6 22. Qd2 Rf6 23. Ne2 Rd6 24. Rc8+ Kh7 25.
Rfc1 Rg6 26. Nf4 Rg4 27. R1c7 Rd8 28. Rxd8 Qxd8 29. Nxe6 Qe8 30. Nc5 Qg6 31. g3 h5 32.
Nd7 Qd6 33. Ra7 h4 34. Ne5 Rg5 35. Nf7 Qg6 36. Nxg5+ Qxg5 37. Qc2 h3 38. Qc7 Qg4 39.
Qf4 Qd1# 0-1

[Event "Live Chess"]
[Site "Chess.com"]
[Date "2023.05.21"]
[Round "-"]
[White "McSlash1"]
[Black "YrrriKharkiv"]
[Result "1-0"]
[WhiteElo "2014"]
[BlackElo "2059"]
[TimeControl "300"]
[EndTime "7:14:45 PDT"]
[Termination "McSlash1 won by resignation"]

1. e4 e6 2. d4 d5 3. Nd2 Nf6 4. e5 Nfd7 5. Bd3 c5 6. c3 Nc6 7. Ngf3 Qb6 8. dxc5 Bxc5 9. Qe2 Qc7 10. Nb3 Be7 11. Bf4 g5 12. Bxg5 Ncxe5 13. Nxe5 Bxg5 14. Nxd7 Bxd7 15. O-O O-O-O 16. c4 Bc6 17. cxd5 Bxd5 18.
g3 Bc6 19. f4 Bf6 20. Rac1 Kb8 21. Nc5 Bd4+ 22. Rf2 Bxf2+ 23. Qxf2 Qb6 24. Bf1 Rd5 25. Bg2 Rd6 26. Bxc6 Qxc6 27. b4 Rhd8 28. Qb2 Rd1+ 29. Rxd1 Rxd1+ 30. Kf2 Qd6 31. Qh8+ Kc7 32. Qxh7 Rd2+ 33. Kf3 Qd5+ 34. Kg4 Qf5+ 35. Qxf5 exf5+ 36. Kxf5 Rxh2 37. a4 Rb2 38. b5 Rc2 39. Nd3 Kd7 40. Kf6 Rc3 41. Ne5+ Ke8 42. g4 Rc7 43. f5 Re7 44. g5 a6 45. g6 fxg6 46. fxg6 Kf8 47. Nf7 axb5 48. g7+ Kg8 49. Nh6+ Kh7 50. g8=Q+ 1-0

[Event "Live Chess"]
[Site "Chess.com"]
[Date "2023.05.21"]
[Round "-"]
[White "chessfiction"]
[Black "ClassyChameleon"]
[Result "1-0"]
[WhiteElo "2307"]
[BlackElo "1083"]
[TimeControl "300"]
[EndTime "7:14:49 PDT"]
[Termination "chessfiction won by checkmate"]

1. e4 e5 2. d4 f6 3. dxe5 f5 4.
exf5 d5 5. Qh5+ Ke7 6. Bg5+ Kd7 7.
Bxd8 Kc6 8. Nc3 Kc5 9. O-O-O Kb4 10. Rxd5 Bxf5 11. a3# 1-0

[Event "Live Chess"]
[Site "Chess.com"]
[Date "2023.05.21"]
[Round "-"]
[White "Tushinskiy"]
[Black "wot-not"]
[Result "1-0"]
[WhiteElo "2203"]
[BlackElo "1551"]
[TimeControl "300"]
[EndTime "7:15:21 PDT"]
[Termination "Tushinskiy won by resignation"]

1. d4 e6 2. c3 d5 3. Nf3 c5 4. Bf4 cxd4 5. cxd4 Bd6 6. Bg3 Bxg3 7. hxg3 Nf6 8. e3 Nc6 9. Bd3 h6 10. Nbd2 Bd7 11.
a3 Qb6 12. b4 Rc8 13. O-O O-O 14. Nb3 Qd8 15. Nc5 b6 16. Nxd7 Qxd7 17. Bb5 Qb7 18. Qa4 Ne7 19. Ba6 Qd7 20. Qxd7 Nxd7 21. Bxc8 Rxc8 22. Rac1 Rc4 23. Nd2 b5 24. Nxc4 1-0

[Event "Live Chess"]
[Site "Chess.com"]
[Date "2023.05.21"]
[Round "-"]
[White "SavagePawn7"]
[Black "mattihelenius2"]
[Result "1/2-1/2"]
[WhiteElo "777"]
[BlackElo "495"]
[TimeControl "300"]
[EndTime "7:15:23 PDT"]
[Termination "Game drawn by stalemate"]

1. e4 e6 2. d4 d6 3. Nc3 d5 4.
exd5 exd5 5. Nf3 Qe7+ 6. Qe2 Nf6 7. Qxe7+ Bxe7 8. Be2 Bg4 9. O-O c6 10. h3 Bxf3 11. Bxf3 Nbd7 12. Bg5 h6 13. Bxf6 Bxf6 14. Rfe1+ Kd8 15. Bg4 Bxd4 16. Rad1 Be5 17. Bxd7 f6 18. Bg4 Re8 19. g3 g6 20. Ne2 h5 21. Bf3 f5 22. g4 hxg4 23. hxg4 fxg4 24. Bxg4 Kc7 25.
Nd4 Rad8 26. Nf3 Kd6 27. Nxe5 Rxe5 28. Rxe5 Kxe5 29. Re1+ Kd6 30. Re6+ Kc7 31. Rxg6 Re8 32. Rg7+ Kd6 33. Rxb7 Re1+ 34. Kg2 Re7 35. Rxe7 Kxe7 36. Kg3 Kd6 37. f4 a5 38. f5 Ke5 39. Kh4 Kf6 40.
c3 c5 41. Kg3 Kg5 42. b3 Kf6 43. Kf4 c4 44. bxc4 dxc4 45. a4 Kf7 46. Ke5 Ke7 47. f6+ Kf7 48. Be6+ Kg6 49. f7 Kg7 50. Kf5 Kf8 51.
Kf6 1/2-1/2

[Event "Live Chess"]
[Site "Chess.com"]
[Date "2023.05.21"]
[Round "-"]
[White "ms_lilley"]
[Black "Olisingapore"]
[Result "0-1"]
[WhiteElo "604"]
[BlackElo "1792"]
[TimeControl "300"]
[EndTime "7:15:34 PDT"]
[Termination "Olisingapore won by checkmate"]

1. d4 Nf6 2. h3 d5 3. e3 c5 4. Nf3 Nc6 5. c3 e6 6. a3 Be7 7. b4 cxb4 8. axb4 O-O 9. Bd3 a6 10.
O-O Qc7 11. Ba3 b5 12. Qb3 e5 13. c4 bxc4 14. Bxc4 dxc4 15. Qxc4 Be6 16. d5 Bxd5 17. Qd3 e4 18. Qc3 exf3 19. g4 Nxg4 20. hxg4 Qd7 21. Nd2 Qxg4+ 22. Kh1 Qg2# 0-1

[Event "Live Chess"]
[Site "Chess.com"]
[Date "2023.05.21"]
[Round "-"]
[White "manthanit"]
[Black "matt1979"]
[Result "1-0"]
[WhiteElo "1096"]
[BlackElo "1537"]
[TimeControl "300"]
[EndTime "7:15:38 PDT"]
[Termination "manthanit won by resignation"]

1. e4 d6 2. Nf3 Nf6 3. e5 dxe5 4. Nxe5 Qd5 5. d4 Nbd7 6. Bc4 Qe4+ 7. Be3 Nxe5 8. dxe5 Nd7 9. Bd3 Qb4+ 10. Nc3 Qa5 11. O-O Qxe5 12. Re1 Qf6 13. h3 g6 14. Nd5 Qc6 15. Be4 Qd6 16. Bf4 Ne5 17. Bf3 Nxf3+ 18. Qxf3 Qc6 19. Nxc7+ Kd8 20. Nxa8 Bg7 21. Rad1+ Bd7 22.
Qxc6 bxc6 23. c3 Kc8 24. Nc7 e5 25. Bxe5 Bxe5 26. Rxe5 Kxc7 27. Re7 Rd8 28. Rxf7 Kc8 29. Rxh7 Re8 30. Rdxd7 1-0

[Event "Live Chess"]
[Site "Chess.com"]
[Date "2023.05.21"]
[Round "-"]
[White "PantherCal"]
[Black "AMCWAML"]
[Result "1-0"]
[WhiteElo "1845"]
[BlackElo "2254"]
[TimeControl "300"]
[EndTime "7:15:43 PDT"]
[Termination "PantherCal won by checkmate"]

1. e4 c5 2. c3 Nf6 3. e5 Nd5 4.
d4 cxd4 5. cxd4 d6 6. exd6 Qxd6 7. Nf3 Nc6 8. Nc3 Bg4 9. Be2 e6 10. O-O Be7 11. h3 Bh5 12. Be3 O-O 13. a3 Rac8 14. Rc1 Rfd8 15. Qd2 Nxe3 16. fxe3 e5 17. Rfd1 exd4 18.
Nxd4 Nxd4 19. exd4 Bxe2 20. Qxe2 Bf6 21. d5 Bxc3 22.
Rxc3 Rxc3 23. bxc3 Qc5+ 24. Kh1 Qxc3 25. Qe7 Qa5 26. d6 g6 27. Rf1 Rf8 28. d7 Qd8 29. Re1 Kg7 30. Qd6 b5 31. Re7 a5 32. Kh2 b4 33. axb4 a4 34. b5 a3 35. Qxa3 Qb8+ 36.
Qg3 Qxb5 37. Qc3+ Kh6 38. Qd2+ g5 39. d8=Q Rxd8 40. Qxd8 Qf5 41. Qf8+ Kg6 42. Qg8+ Kh6 43. Qxf7 Qg6 44. Qxg6+ hxg6 45. Re3 Kh5 46. Ra3 Kh6 47. g4 Kh7 48. Kg3 Kh6 49. Kf3 Kh7 50. Ke4 Kh6 51.
Ke5 Kh7 52. Kf6 Kh6 53. Ra6 Kh7 54. Kxg5 Kg7 55. Rxg6+ Kh7 56. Ra6 Kh8 57. Ra7 Kg8 58. Kf6 Kf8 59. Ra8# 1-0